 Dungeon Crawl Stone Soup version 0.31-a0-1009-g454b1f1e0a (webtiles) character file.

Game seed: 12757361622864667427

33175 BinkBink the Grappler (level 13, -2/135 HPs)
             Began as a Troll Monk on Nov 14, 2023.
             Was the Champion of Okawaru.
             Slain by a ten-headed hydra (11 damage)
             ... on level 2 of the Lair of Beasts.
             The game lasted 00:21:35 (12956 turns).

BinkBink the Grappler (Troll Monk)                 Turns: 12956, Time: 00:21:37

Health: -2/135     AC:  6    Str: 29    XL:     13   Next: 35%
Magic:  16/16      EV: 13    Int:  6    God:    Okawaru [******]
Gold:   1232       SH:  5    Dex: 12    Spells: 12/12 levels left

rFire   . .          .
                       - Unarmed
rCold   . . .        c - orb {light}
rNeg    . . .        L - +2 robe of the Devil's Advocate {rPois Str+3}
rPois   +            (helmet restricted)
rElec   .            s - scarf {repulsion}
rCorr   .            (gloves unavailable)
SInv    .            (boots unavailable)
Will    .....        j - amulet of reflection
Stlth   +            h - +4 ring of slaying
HPRegen 1.22/turn    (no ring)
MPRegen 0.15/turn

%: repel missiles, reflection
@: glowing
A: large, unfitting armour, claws 3, regeneration 1, shaggy fur 1, tough skin 1
a: Renounce Religion, Heroism, Finesse, Duel, Receive Weapon


You were on level 2 of the Lair of Beasts.
You worshipped Okawaru.
Okawaru was exalted by your worship.
You visited 4 branches of the dungeon, and saw 17 of its levels.
You also visited: Sewer and Volcano.

You collected 1232 gold pieces.

Inventory:

Missiles
 a - 4 large rocks (quivered)
 e - 3 atropa-tipped darts
 C - 5 silver javelins
Armour
 c - an orb of light (worn)
 s - a scarf of repulsion (worn)
 L - the +2 robe of the Devil's Advocate (worn) {rPois Str+3}
   (Okawaru gifted it to you on level 11 of the Dungeon)

   Str+3:     It affects your strength (+3).
   rPois:     It protects you from poison
Jewellery
 h - a +4 ring of slaying (left claw)
 j - an amulet of reflection (around neck)
 F - a ring of magical power
Talismans
 K - a maw talisman
Wands
 l - a wand of flame (32)
 t - a wand of mindburst (14)
 v - a wand of roots (14)
 z - a wand of paralysis (2)
 E - a wand of polymorph (14)
 G - a wand of acid (5)
Scrolls
 f - 3 scrolls of blinking
 g - 2 scrolls of butterflies
 m - 4 scrolls of immolation
 o - 11 scrolls of teleportation
 q - 3 scrolls of fog
 r - 3 scrolls of fear
 w - a scroll of enchant weapon
 x - 2 scrolls of vulnerability
 y - 2 scrolls of revelation
 B - 2 scrolls of noise
 M - 2 scrolls of identify
Potions
 b - a potion of resistance
 d - 3 potions of magic
 i - a potion of brilliance {unknown}
 k - 4 potions of curing
 n - 4 potions of enlightenment
 p - 5 potions of lignification
 u - 2 potions of invisibility {unknown}
 A - a potion of cancellation {unknown}
 D - 3 potions of heal wounds {unknown}
 H - a potion of attraction {unknown}
 I - a potion of haste {unknown}
 J - 3 potions of berserk rage {unknown}
 N - a potion of degeneration {unknown}


   Skills:
 + Level 10.5 Fighting
 - Level 4.3 Throwing
 + Level 10.5 Dodging
 + Level 12.4 Unarmed Combat
 - Level 5.3 Invocations
 + Level 6.3 Shapeshifting


You had 12 spell levels left.
You didn't know any spells.
Your spell library contained the following spells:

 Spells                   Type           Power      Damage    Failure   Level
 Kiss of Death            Conj/Necr      0%         2d5       45%         1
 Confusing Touch          Hex            0%         N/A       83%         3
 Dispel Undead            Necr           0%         3d6       99%         4
 Passage of Golubria      Tloc           0%         N/A       99%         4
 Yara's Violent Unravell  Hex/Tmut       0%         3d3       100%        5
 Tukima's Dance           Hex            Unusable   N/A       N/A         3

Dungeon Overview and Level Annotations

Branches:
Dungeon (12/15)            Temple (1/1) D:4            Lair (2/5) D:10
  Swamp (0/4) Lair:2          Orc (2/2) D:12            Elf (0/3) Orc:2
  Sewer (visited)         Volcano (visited)
  Snake: Lair:2-3    Spider: Lair:2-3

Altars:
Ashenzari
Cheibriados
Dithmenos
Elyvilon
Fedhas
Gozag
Hepliaklqana
Kikubaaqudgha
Makhleb
Nemelex Xobeh
Okawaru
Qazlal
Ru
Sif Muna
Trog
Uskayaw
Vehumet
Wu Jian
Xom
Yredelemnul
Zin
The Shining One

Shops:
D:1 =   D:8 !   Orc:2 :([=?

Annotations:
D:9 2 runed translucent doors
D:10 3 runed translucent doors, niknal's ghost, journeyman TeWr


Innate Abilities, Weirdness & Mutations

You are too large for most types of armour.
You have claws for hands.
Your natural rate of healing is unusually fast.
You are covered in fur. (AC +1)
You have tough skin. (AC +1)


Message History

The bullfrog croaks.
You claw one of the seven-headed hydra's heads off!
The six-headed hydra grows two more!
You claw the eight-headed hydra!
The eight-headed hydra is lightly wounded.
The eight-headed hydra bites you. x2; The eight-headed hydra bites you!
The eight-headed hydra bites you.
The eight-headed hydra bites you but does no damage.
The eight-headed hydra bites you!
You block the eight-headed hydra's attack.
The eight-headed hydra barely misses you.
You rip one of the eight-headed hydra's heads off!
The seven-headed hydra grows two more!
You mangle the nine-headed hydra!!
The nine-headed hydra is moderately wounded.
The nine-headed hydra closely misses you.
The nine-headed hydra bites you.
The nine-headed hydra barely misses you.
The nine-headed hydra bites you!
You block the nine-headed hydra's attack.
The nine-headed hydra misses you. The nine-headed hydra bites you.
The nine-headed hydra completely misses you.
You block the nine-headed hydra's attack.
You tear one of the nine-headed hydra's heads off!
The eight-headed hydra grows two more!
You eviscerate the ten-headed hydra!!!
The ten-headed hydra is severely wounded.
You hear an angry hiss. x2
The ten-headed hydra bites you. The ten-headed hydra bites you! x2
The ten-headed hydra bites you but does no damage.
You block the ten-headed hydra's attack.
The ten-headed hydra barely misses you. The ten-headed hydra bites you!
The ten-headed hydra barely misses you. The ten-headed hydra bites you.
The ten-headed hydra barely misses you.
You are too injured to fight recklessly!
The ten-headed hydra bites you!
* * * LOW HITPOINT WARNING * * *
The ten-headed hydra bites you.
* * * LOW HITPOINT WARNING * * *
The ten-headed hydra bites you!
* * * LOW HITPOINT WARNING * * *
The ten-headed hydra bites you!
You die...

...#.$#............##
#...................#
#......P.##.##.##..##
#...............P..#
......P............#
)......P...........#
...................#
.............[..P..#
......#D@..........#
.#.....##+#####.#..#
....... .......#
.#..... .......##
....... /........P#
.#.###. .........P#
.. .. P........##


You could see a ten-headed hydra.

Vanquished Creatures
  Erolcha (D:9)
  A catoblepas (D:11)
  3 two-headed ogres
  2 centaur warriors (Orc:2)
  Nergalle (Orc:1)
  Amaemon (D:9)
  A deep elf pyromancer (D:8)
  6 orc knights
  An ugly thing (D:7)
  2 orc sorcerers
  2 cyclopes
  2 manticores (D:12)
  An elephant (D:10)
  A molten gargoyle (Volcano)
  4 gargoyles
  3 black mambas
  Maurice (D:9)
  A cane toad (Lair:2)
  An orange demon (D:9)
  An unseen horror (D:11)
  Psyche (D:8)
  4 kobold demonologists
  A komodo dragon (Lair:1)
  5 trolls
  4 slime creatures (D:12)
  A wraith (D:11)
  3 wyverns
  A human (D:12)
  3 fire bats (Orc:2)
  A basilisk (D:10)
  28 yaks
  3 fire elementals (Volcano)
  2 hogs (D:12)
  A steam dragon (D:7)
  3 wargs (Orc:2)
  2 acid dragons
  3 water moccasins
  2 black bears
  25 orc warriors
  2 ice beasts
  A sky beast (D:6)
  4 ogres
  8 wolves (Lair:2)
  2 phantoms
  10 centaurs
  7 kobold brigands
  6 bullfrogs
  2 gnoll sergeants
  9 wights
  15 killer bees
  A howler monkey (D:4)
  4 electric eels
  6 hounds
  4 jellies
  Crazy Yiuf (D:4)
  15 orc priests
  A sleepcap (D:7)
  11 orc wizards
  A sickly merfolk siren (Sewer)
  2 iguanas (D:6)
  A malarious merfolk avatar (Sewer)
  9 adders
  4 gnolls (D:10)
  2 river rats (Sewer)
  A white imp (D:6)
  2 ufetubi (D:3)
  5 worms
  4 dart slugs
  62 orcs
  4 bats
  4 endoplasms (D:1)
  6 giant cockroaches
  2 hobgoblins (D:4)
  3 jackals (D:3)
  26 kobolds
  3 quokkas
  11 ball pythons
  5 frilled lizards
  3 goblins
  21 rats
419 creatures vanquished.

Vanquished Creatures (others)
  An orc warrior (Orc:2)
1 creature vanquished.

Grand Total: 420 creatures vanquished

Notes
Turn   | Place    | Note
-------+----------+-------------------------------------------
     0 | D:1      | BinkBink the Troll Monk began the quest for the Orb.
     0 | D:1      | Reached XP level 1. HP: 22/22 MP: 0/0
   143 | D:1      | Reached XP level 2. HP: 29/29 MP: 1/1
   278 | D:1      | Found Hofuc's Jewellery Shop.
   696 | D:2      | Reached XP level 3. HP: 36/36 MP: 2/2
  1224 | D:3      | Found a radiant altar of Vehumet.
  1435 | D:3      | Reached XP level 4. HP: 45/45 MP: 3/3
  1484 | D:3      | Found a hazy altar of Hepliaklqana.
  1596 | D:3      | Found a glowing drain.
  1604 | Sewer    | Entered a sewer
  1690 | Sewer    | Reached skill level 4 in Unarmed Combat
  1767 | Sewer    | Reached XP level 5. HP: 53/53 MP: 4/4
  1965 | D:3      | Identified the death talisman of the Forsaken Lovers {rElec
                  | Str+3}
  2081 | D:3      | Found a faded altar of an unknown god.
  2189 | D:3      | Found a sacrificial altar of Ru.
  2383 | D:4      | Found a staircase to the Ecumenical Temple.
  2416 | D:4      | Reached XP level 6. HP: 62/62 MP: 5/5
  2444 | Temple   | Entered the Ecumenical Temple
  2458 | Temple   | Became a worshipper of Warmaster Okawaru
  2458 | Temple   | Reached * piety under Okawaru
  2458 | Temple   | Reached ** piety under Okawaru
  2739 | D:4      | Found a runed translucent door.
  2740 | D:4      | Noticed Crazy Yiuf
  2813 | D:4      | Reached skill level 5 in Unarmed Combat
  3086 | D:4      | Killed Crazy Yiuf
  3087 | D:4      | Reached XP level 7. HP: 48/71 MP: 6/6
  3166 | D:5      | Entered Level 5 of the Dungeon
  3168 | D:5      | Noticed a yak
  3168 | D:5      | Noticed a yak
  3173 | D:5      | Killed a yak
  3174 | D:5      | Noticed a yak
  3174 | D:5      | Noticed a yak
  3182 | D:4      | Killed a yak
  3182 | D:4      | Reached *** piety under Okawaru
  3232 | D:4      | Killed a yak
  3233 | D:4      | Reached skill level 5 in Fighting
  3233 | D:4      | Reached skill level 5 in Dodging
  3233 | D:4      | Reached skill level 6 in Unarmed Combat
  3246 | D:5      | Reached XP level 8. HP: 64/80 MP: 7/7
  3402 | D:5      | Reached **** piety under Okawaru
  4035 | D:6      | You fall into a shaft and drop 2 floors!
  4039 | D:8      | Found Bomub's Distillery.
  4102 | D:8      | Reached skill level 7 in Unarmed Combat
  4217 | D:6      | Found a hide-covered altar of Uskayaw.
  4609 | D:7      | Reached XP level 9. HP: 73/89 MP: 8/8
  5027 | D:7      | Reached skill level 8 in Unarmed Combat
  5332 | D:7      | Reached ***** piety under Okawaru
  5564 | D:7      | Noticed a purple ugly thing
  5595 | D:7      | Killed a purple ugly thing
  5595 | D:7      | Received a gift from Okawaru
  5596 | D:7      | Reached skill level 1 in Invocations
  5818 | D:8      | Reached XP level 10. HP: 98/101 MP: 10/10
  6061 | D:8      | Noticed Psyche
  6069 | D:8      | Killed Psyche
  6123 | D:8      | Reached skill level 9 in Unarmed Combat
  6381 | D:8      | Noticed a deep elf pyromancer
  6390 | D:8      | Killed a deep elf pyromancer
  6454 | D:9      | Found an opulent altar of Gozag.
  6471 | D:9      | Noticed Erolcha
  6486 | D:9      | Killed Erolcha
  6658 | D:9      | Noticed a cyclops
  6675 | D:9      | Killed a cyclops
  6701 | D:9      | Noticed Maurice
  6701 | D:9      | Paralysed by Maurice for 4 turns
  6709 | D:9      | Maurice stole 2 silver javelins
  6710 | D:9      | Maurice stole a ring of magical power
  6713 | D:9      | Killed Maurice
  6713 | D:9      | Received a gift from Okawaru
  6758 | D:9      | Noticed Amaemon
  6758 | D:9      | Noticed an orange demon
  6769 | D:9      | Killed Amaemon
  6776 | D:9      | Killed an orange demon
  6909 | D:9      | Reached XP level 11. HP: 97/113 MP: 13/13
  7017 | D:9      | Identified the +5 orcbow of the Ageing Gods {drain, rPois
                  | Str+3 Stlth+}
  7139 | D:9      | Found a runed translucent door.
  7141 | D:9      | Found a runed translucent door.
  7331 | D:10     | Entered Level 10 of the Dungeon
  7373 | D:10     | Noticed a two-headed ogre
  7381 | D:10     | Killed a two-headed ogre
  7382 | D:10     | Reached skill level 10 in Unarmed Combat
  7609 | D:10     | Reached skill level 5 in Invocations
  7621 | D:10     | Received a gift from Okawaru
  7769 | D:10     | Found a runed translucent gate.
  7769 | D:10     | Found a runed translucent gate.
  7770 | D:10     | Found a staircase to the Lair.
  7770 | D:10     | Found a runed translucent gate.
  7771 | D:10     | Noticed niknal's ghost (journeyman TeWr)
  8423 | D:11     | Reached skill level 1 in Shapeshifting
  8719 | D:11     | Noticed a catoblepas
  8734 | D:11     | Killed a catoblepas
  8734 | D:11     | Received a gift from Okawaru
  8734 | D:11     | Reached ****** piety under Okawaru
  8735 | D:11     | Acquired the +2 robe of the Devil's Advocate {rPois Str+3}
  8735 | D:11     | Received a gift from Okawaru
  9118 | D:12     | Noticed a two-headed ogre
  9125 | D:12     | Killed a two-headed ogre
  9125 | D:12     | Received a gift from Okawaru
  9176 | D:12     | Reached skill level 11 in Unarmed Combat
  9339 | D:12     | Reached XP level 12. HP: 121/124 MP: 15/15
  9563 | D:12     | Found a staircase to the Orcish Mines.
  9615 | Orc:1    | Entered Level 1 of the Orcish Mines
  9679 | Orc:1    | Received a gift from Okawaru
  9876 | Orc:1    | Noticed Nergalle
  9887 | Orc:1    | Killed Nergalle
  9890 | Orc:1    | Reached skill level 1 in Throwing
  9951 | Orc:1    | You fall into a shaft and drop 1 floor!
  9951 | Orc:2    | Entered Level 2 of the Orcish Mines
 10010 | Orc:2    | Found a dark tunnel.
 10020 | Volcano  | Entered a volcano
 10482 | Orc:2    | Found Zaetidd's Magic Scroll Boutique.
 10535 | Orc:2    | Reached skill level 5 in Shapeshifting
 10543 | Orc:2    | Reached skill level 10 in Fighting
 10600 | Orc:2    | Received a gift from Okawaru
 10606 | Orc:2    | Reached skill level 10 in Dodging
 10964 | Orc:2    | Found a staircase to the Elven Halls.
 11044 | Orc:2    | Reached skill level 12 in Unarmed Combat
 11111 | Orc:2    | Noticed a centaur warrior
 11118 | Orc:2    | Killed a centaur warrior
 11317 | Orc:2    | Found Xuruess's Antique Armour Boutique.
 11317 | Orc:2    | Found Tudus's Antique Weapon Shoppe.
 11319 | Orc:2    | Found Guciva's Book Emporium.
 11321 | Orc:2    | Found Hiurept's Jewellery Shop.
 11446 | Orc:2    | Noticed a centaur warrior
 11453 | Orc:2    | Killed a centaur warrior
 11454 | Orc:2    | Reached XP level 13. HP: 115/133 MP: 16/16
 11511 | Orc:1    | Received a gift from Okawaru
 11840 | Lair:1   | Entered Level 1 of the Lair of Beasts
 12830 | Lair:2   | Found a staircase to the Swamp.
 12956 | Lair:2   | Slain by a ten-headed hydra

Illustrated notes

Levels and vault maps discovered:
D:1:      dpeg_arrival_fog, layout_loops_cross, serial_shops, shop
D:2:      layout_loops_ring
D:3:      layout_loops_ring, lemuel_coloured_pillars_altar,
          nicolae_overflow_hidden_temple, vehumet_altar_wand_db,
          shapermc_ecumenical_altar_petra, portal_sewer_entry_b
D:4:      layout_loops_ring, minmay_temple_entry_ruins, uniq_crazy_yiuf_cottage
D:5:      layout_basic
D:6:      layout_rooms, eat_drink_and_be_merry_uskayaw
D:7:      minmay_chambers_of_fours, layout_basic, minmay_hedge_maze,
          serial_bayou_pond_e
D:8:      layout_loops_cross, serial_shops, nicolae_shop_window_shopping,
          guppyfry_early_elven_hall, uniq_psyche
D:9:      lemuel_insect_pit, layout_irregular_city, grunt_gozag_statues,
          st_stairs_5, uniq_maurice, uniq_amaemon, uniq_erolcha
D:10:     layout_long_grid, david_lair_generic, gammafunk_ghost_nasty_kobolds
D:11:     layout_irregular_city
D:12:     layout_cross, orc_0_dummy, fountainhead, grunt_livestock, drop_trap
Temple:   bh_familiar_temple
Lair:1:   layout_chaotic_city
Lair:2:   layout_chaotic_city, minmay_swamp_entry_eels, grunt_megastairs_3,
          lemuel_fruit_tree
Orc:1:    layout_diamond_mine, uniq_nergalle
Orc:2:    st_orc_rangers, layout_caves, serial_shops,
          nicolae_shop_window_shopping, nicolae_volcano_entry_batcave,
          basic_altar

Skill      XL: |  1  2  3  4  5  6  7  8  9 10 11 12 13 |
---------------+----------------------------------------+-----
Fighting       | 3 4 5 6 7 8 9 10 | 10.5
Dodging        | 3 4 5 6 7 8 9 10 | 10.5
Unarmed Combat | 4 5 6 7 8 9 11 12 | 12.4
Invocations    | 1 4 5 |  5.3
Shapeshifting  | 3 5 6 |  6.3
Throwing       | 3 4 |  4.3

Action                     |  1- 3 |  4- 6 |  7- 9 | 10-12 | 13-15 || total
---------------------------+-------+-------+-------+-------+-------++-------
  Melee: Unarmed           |    57 |   124 |   205 |   519 |   132 ||  1037
  Throw: Large rock        |       |       |       |     6 |       ||     6
 Invoke: Heroism           |       |       |       |     1 |       ||     1
         Receive Armour    |       |       |       |     1 |       ||     1
    Use: Scroll            |       |       |       |    12 |       ||    12
         Potion            |       |       |       |     2 |       ||     2
 Armour: Robe              |    20 |    65 |   119 |   349 |   102 ||   655
  Dodge: Dodged            |    23 |    51 |   112 |   264 |    64 ||   514
         Repelled          |       |       |       |     4 |     2 ||     6
  Block: Orb               |       |     1 |    46 |   110 |    23 ||   180
         Reflection        |       |       |       |    24 |       ||    24

Table legend: (Time is in decaauts)
 A = Elapsed time spent in this place.
 B = Non-inter-level travel time spent in this place.
 C = Inter-level travel time spent in this place.
 D = Time resting spent in this place.
 E = Time spent auto-exploring this place.
 F = Levels seen in this place.
 G = Mean time per level.
                   A        B        C        D        E       F      G
               +--------+--------+--------+--------+--------+-----+--------+
         Total |  12799 |  12005 |    794 |    805 |   8870 |  19 |  673.6 |
       Dungeon |   9409 |   8835 |    574 |    332 |   7115 |  12 |  784.1 |
        Temple |     27 |      2 |     25 |      0 |      0 |   1 |   27.0 |
          Lair |   1089 |   1083 |      6 |      4 |    915 |   2 |  544.5 |
  Orcish Mines |   1686 |   1498 |    188 |    394 |    669 |   2 |  843.0 |
         Sewer |    344 |    344 |      0 |      0 |    171 |   1 |  344.0 |
       Volcano |    241 |    241 |      0 |     74 |      0 |   1 |  241.0 |
               +--------+--------+--------+--------+--------+-----+--------+

Top non-repeatable levels by time:
   Orc:2: 1186 daAuts
     D:7: 1168 daAuts
    D:10: 1001 daAuts
     D:4: 896 daAuts
     D:9: 865 daAuts
     D:5: 803 daAuts
     D:3: 802 daAuts
  Lair:1: 800 daAuts
     D:8: 787 daAuts
    D:11: 777 daAuts
    D:12: 720 daAuts
     D:1: 639 daAuts
   Orc:1: 500 daAuts
     D:2: 490 daAuts
     D:6: 456 daAuts
